 Dungeon Crawl Stone Soup version 0.28-a0-850-g09de17f5b5 (webtiles) character file.

Game seed: 11624087024550808591

53 wakim the Ruffian (level 3, -2/36 HPs)
             Began as a Troll Fighter on Nov 13, 2021.
             Slain by a gnoll (14 damage)
             ... on level 2 of the Dungeon.
             The game lasted 00:02:54 (1052 turns).

wakim the Ruffian (Troll Fighter)                   Turns: 1052, Time: 00:02:55

Health: -2/36      AC:  4    Str: 24    XL:     3   Next: 62%
Magic:  2/2        EV:  8    Int:  4    God:
Gold:   48         SH:  7    Dex: 10    Spells: 2/2 levels left

rFire   . . .      SeeInvis .     - Unarmed
rCold   . . .      Faith    .   b - +0 kite shield
rNeg    . . .      Spirit   .   a - +0 robe
rPois   .          Reflect  .   (helmet restricted)
rElec   .          Harm     .   (no cloak)
rCorr   .          Rampage  .   (gloves unavailable)
Will    .....                   (boots unavailable)
Stlth   +.........              (no amulet)
HPRegen 1.12/turn               (no ring)
MPRegen 0.08/turn               (no ring)

@: no status effects
A: large, unfitting armour, claws 3, regeneration 1, shaggy fur 1, tough skin 1
a: no special abilities


You were on level 2 of the Dungeon.
You visited 1 branch of the dungeon, and saw 2 of its levels.

You collected 48 gold pieces.

Inventory:

Missiles
 c - 12 poisoned darts (quivered)
Armour
 a - a +0 robe (worn)
 b - a +0 kite shield (worn)
Potions
 d - 3 potions of curing {unknown}
 e - 3 potions of haste {unknown}
 N - 2 potions of might


   Skills:
 + Level 2.8 Fighting
 - Level 2.4 Dodging
 * Level 2.9 Shields
 + Level 3.0 Unarmed Combat


You had 2 spell levels left.
You didn't know any spells.
Your spell library was empty.

Dungeon Overview and Level Annotations

Branches:
Dungeon (2/15)

Altars:


Innate Abilities, Weirdness & Mutations

You are too large for most types of armour.
You have claws for hands.
Your natural rate of healing is unusually fast.
You are covered in fur. (AC +1)
You have tough skin. (AC +1)


Message History

The goblin hits you with a +0 club.
You claw the goblin!
You kill the goblin!
You feel sick.
You are no longer poisoned.
You block the hobgoblin's attack.
You barely miss the hobgoblin. The hobgoblin barely misses you.
You claw the hobgoblin!
You kill the hobgoblin!
HP restored.
There is a stone staircase leading up, spattered with blood here.
You see here a +0 club.
Found a scroll labelled BILEP NAQAORHAEL.
The gnoll hits you with a +0 spear.
You closely miss the gnoll. The gnoll hits you with a +0 spear.
You block the gnoll's attack.
The gnoll shouts!
You claw the gnoll!
The gnoll is severely wounded.
You hear a shout!
You block the gnoll's attack.
You completely miss the gnoll.
The gnoll is heavily wounded.
You block the gnoll's attack.
You barely miss the gnoll.
The gnoll is heavily wounded.
The gnoll hits you with a +0 spear!
You closely miss the gnoll.
The gnoll is heavily wounded.
You block the gnoll's attack.
You closely miss the gnoll.
The gnoll is heavily wounded.
You block the gnoll's attack. The gnoll hits you with a +0 halberd.
The gnoll hits you with a +0 spear.
The gnoll hits you from afar with a +0 halberd!
* * * LOW HITPOINT WARNING * * *
The gnoll closely misses you. The gnoll barely misses you.
The gnoll hits you from afar with a +0 halberd!
You die...

#.............#
#.............# #
.......††....# ##
.#..........## .##.
..... ##.....>....#
.... .....
#..........# .##.
...... #..........#
## ......
#.....)<...# #
......###.@.########
..#.....#..##
...?....g..#
.#.###g#..#
g..........#
......#..#..#
...g..#..##.# .....
#... .# .....
#..##.#


You could see 3 gnolls.

Vanquished Creatures
  An adder (D:1)
  4 dart slugs
  2 ball pythons
  An endoplasm (D:1)
  2 giant cockroaches (D:1)
  6 goblins
  5 hobgoblins
  2 quokkas (D:1)
  6 bats
  2 frilled lizards
  2 kobolds (D:1)
33 creatures vanquished.

Notes
Turn   | Place    | Note
-------+----------+-------------------------------------------
     0 | D:1      | wakim the Troll Fighter began the quest for the Orb.
     0 | D:1      | Reached XP level 1. HP: 22/22 MP: 0/0
   270 | D:1      | Reached XP level 2. HP: 29/29 MP: 1/1
   921 | D:1      | Reached XP level 3. HP: 29/36 MP: 2/2
  1013 | D:1      | Reached skill level 3 in Unarmed Combat
  1052 | D:2      | Slain by a gnoll

Illustrated notes

Levels and vault maps discovered:
D:1:      dpeg_arrival_rooms_with_view, layout_basic
D:2:      layout_rooms, serial_curves, eino_curves_03, eino_curves_02,
          eino_curves_02, eino_curves_01, grunt_ministairs_14, minmay_ruptured

Skill      XL: |  1  2  3 |
---------------+----------+-----
Unarmed Combat | 3 |  3.0
Fighting       | |  2.8
Dodging        | |  2.4
Shields        | |  2.9

Action                   || total
-------------------------++-------
Melee: Unarmed           ||   107
Armor: Robe              ||    57
Dodge: Dodged            ||    42
Block: Kite shield       ||    50

Table legend: (Time is in decaauts)
 A = Elapsed time spent in this place.
 B = Non-inter-level travel time spent in this place.
 C = Inter-level travel time spent in this place.
 D = Time resting spent in this place.
 E = Time spent auto-exploring this place.
 F = Levels seen in this place.
 G = Mean time per level.
                   A        B        C        D        E       F      G
               +--------+--------+--------+--------+--------+-----+--------+
         Total |   1071 |   1008 |     63 |      0 |    708 |   2 |  535.5 |
       Dungeon |   1071 |   1008 |     63 |      0 |    708 |   2 |  535.5 |
               +--------+--------+--------+--------+--------+-----+--------+

Top non-repeatable levels by time:
     D:1: 983 daAuts
     D:2: 88 daAuts
